[Event "FRA-ch Youth U18 2018"]
[Site "Agen"]
[Date "2018.04.17"]
[Round "4"]
[White "Heliot, Xabi"]
[Black "Laurent-Paoli, Pierre"]
[Result "1/2-1/2"]
[ECO "A20"]
[WhiteElo "2160"]
[BlackElo "2355"]
[Annotator "NA"]
[PlyCount "104"]
[EventDate "2018.??.??"]
[EventType "swiss"]
[EventCountry "FRA"]
[SourceTitle "playchess.com"]
[Source "ChessBase"]
[SourceQuality "1"]
[TimeControl "5400+30"]

1. c4 e5 2. g3 Nc6 3. Bg2 Bc5 4. Nc3 d6 5. e3 a6 {[%emt 0:00:31] A25: English Opening vs King's Indian with ...Nc6 but without early d3} 6. Nge2 (6. Nf3 Nf6 7. O-O O-O 8. h3 Ba7 9. d4 h6 10. dxe5 dxe5 11. Qxd8 Rxd8 12. b3 Be6 13. Ba3 Rd7 14. Rfd1 Rad8 15. Rxd7 Rxd7 {½-½ (41) Howell,D (2676)-Ponomariov,R (2694) Riadh 2017}) 6... h5 7. d4 {[%emt 0:07:14] LiveBook: 8 Games} Ba7 8. h3 h4 9. g4 f5 10. gxf5 Bxf5 11. e4 Bd7 12. Be3 exd4 13. Nxd4 Nxd4 $146 ({Predecessor:} 13... Bxd4 14. Bxd4 {1-0 (49) Bailet,P (2536)-Haldorsen,B (2362) Riga 2017}) 14. Bxd4 Qg5 15. Bf3 Bxd4 16. Qxd4 Nf6 17. Qd2 Qxd2+ 18. Kxd2 O-O 19. Ke3 Rae8 20. Nd5 Nxd5+ 21. cxd5 c6 22. Rhd1 Rf6 23. Bg4 Bxg4 24. hxg4 Ref8 25. dxc6 Rf3+ 26. Kd4 bxc6 27. Rac1 h3 $17 ({Resist} 27... Rxf2 28. Rxc6 R8f4 29. g5 $17) ({Black should try} 27... c5+ $19 28. Kc4 Re8 29. Rxd6 Rxe4+ 30. Kxc5 Rxg4) 28. Rc3 Rxf2 29. Rxh3 Rxb2 30. Ra3 Rb6 31. Ke3 Rf6 32. Rb3 Rxb3+ 33. axb3 Re6 34. Kf4 Kf7 35. Ra1 d5 36. exd5 cxd5 37. Ra5 Rb6 38. Rxd5 Rxb3 39. Rd7+ Kg8 40. Ra7 Rb6 41. Kf5 Rf6+ 42. Kg5 Kh7 43. Kh5 Rh6+ 44. Kg5 Rb6 45. Kh5 Rb5+ 46. g5 a5 47. Rc7 Rd5 48. Ra7 Re5 49. Rb7 Rc5 50. Ra7 Rb5 51. Rc7 Rd5 52. Ra7 Rb5 1/2-1/2

[Event "FRA-ch Youth U18 2018"]
[Site "Agen"]
[Date "2018.04.17"]
[Round "4"]
[White "Lomandong, Noela-Joyce"]
[Black "El Barbry, Sarah"]
[Result "0-1"]
[ECO "A46"]
[WhiteElo "2053"]
[BlackElo "1750"]
[Annotator "NA"]
[PlyCount "88"]
[EventDate "2018.??.??"]
[EventType "swiss"]
[EventCountry "FRA"]
[SourceTitle "playchess.com"]
[Source "ChessBase"]
[SourceQuality "1"]
[TimeControl "5400+30"]

1. d4 Nf6 2. Nf3 e6 3. e3 b6 4. Bd3 Bb7 5. O-O Be7 6. c4 Ne4 {[%emt 0:08:21] LiveBook: 22 Games} 7. Nc3 Nxc3 $11 8. bxc3 d6 9. Nd2 Nd7 10. Be4 Bxe4 11. Nxe4 O-O 12. Qd3 f5 13. Ng3 Bh4 14. f3 Bxg3 15. hxg3 Qg5 16. g4 fxg4 17. Qe4 gxf3 18. Rxf3 Rxf3 19. Qxf3 Rf8 20. Qe2 Qg3 21. Bd2 Nf6 22. Rf1 Ng4 23. Rxf8+ Kxf8 24. Qf3+ Qxf3 25. gxf3 Nf6 26. e4 c6 27. Kf2 Ke7 28. Bg5 Kf7 29. Bf4 d5 30. cxd5 cxd5 31. exd5 Nxd5 32. Bd2 b5 33. Kg3 Kg6 34. Kg4 h5+ 35. Kh4 Ne7 36. Kg3 Kf5 37. Kh4 g6 38. Be3 Nd5 39. Bd2 Nf4 40. Kg3 g5 41. Bxf4 h4+ 42. Kf2 Kxf4 43. Kg2 Ke3 44. a3 a5 0-1

[Event "FRA-ch Youth U18 2018"]
[Site "Agen"]
[Date "2018.04.17"]
[Round "4"]
[White "Salvador, Lucie"]
[Black "Belluire, Beatrice"]
[Result "1-0"]
[ECO "A05"]
[WhiteElo "1955"]
[BlackElo "1818"]
[Annotator "NA"]
[PlyCount "73"]
[EventDate "2018.??.??"]
[EventType "swiss"]
[EventCountry "FRA"]
[SourceTitle "playchess.com"]
[Source "ChessBase"]
[SourceQuality "1"]
[TimeControl "5400+30"]

1. Nf3 Nf6 2. g3 b5 3. Bg2 Bb7 4. O-O e6 5. b3 d5 {[%emt 0:01:51] A05: Réti Opening: 1 Nf3 Nf6} (5... c5 6. c4 a6 7. Na3 Qb6 8. Bb2 Be7 9. e3 d5 10. cxd5 Bxd5 11. d3 Nbd7 12. Qe2 O-O 13. Rfd1 Rfc8 14. Rac1 Bb7 {0-1 (62) Cheparinov,I (2710)-Fedoseev,V (2718) Riadh 2017}) 6. d3 {[%emt 0:05:00] LiveBook: 3 Games} (6. c4 $5) 6... c5 7. c4 a6 8. Na3 $146 ({Find the theoretical novelty and annotate with similar games:} 8. Bb2 Be7 9. Nbd2 O-O 10. Qc2 Nc6 11. a3 Nd7 12. d4 dxc4 13. bxc4 cxd4 14. Nxd4 Nxd4 15. Bxd4 Bxg2 16. Kxg2 {0-1 (41) Ortega Hermida,D (2329)-Kurajica,B (2528) Las Palmas 2016}) 8... Qb6 9. Qd2 Bd6 10. Bb2 Nbd7 11. Rfe1 O-O 12. e3 e5 13. d4 e4 14. Ne5 Rad8 15. Nxd7 Rxd7 16. cxb5 axb5 17. dxc5 Bxc5 18. Nc2 Rc7 19. b4 Be7 20. Nd4 Rfc8 21. a3 Ne8 22. Bh3 Ra8 $16 23. Rec1 Nd6 24. Rxc7 Qxc7 25. Qe2 Qb6 26. Bf1 Nc4 27. Qc2 Bf6 28. Bxc4 dxc4 29. Rd1 Re8 30. Nf5 Qe6 31. g4 Rd8 32. Rxd8+ Bxd8 33. Bxg7 Qg6 34. Qd1 Bf6 35. Bxf6 Qxf6 36. Qd7 Ba6 37. Qe8# 1-0

[Event "FRA-ch Youth U18 2018"]
[Site "Agen"]
[Date "2018.04.17"]
[Round "4"]
[White "Chachiachvili, Mariam"]
[Black "Joly, Audrey"]
[Result "1/2-1/2"]
[ECO "B01"]
[WhiteElo "1752"]
[BlackElo "1686"]
[Annotator "NA"]
[PlyCount "92"]
[EventDate "2018.??.??"]
[EventType "swiss"]
[EventCountry "FRA"]
[SourceTitle "playchess.com"]
[Source "ChessBase"]
[SourceQuality "1"]
[TimeControl "5400+30"]

1. e4 d5 2. exd5 Qxd5 3. Nc3 Qa5 4. d4 c6 5. Bc4 Bf5 6. Nge2 Nf6 7. Ng3 Bg6 8. O-O e6 9. f4 Be7 10. f5 exf5 11. Re1 Qd8 12. Nce2 O-O 13. Nf4 Bd6 14. c3 Bxf4 15. Bxf4 Re8 16. Qb3 Qd7 17. Rxe8+ Nxe8 18. Re1 b5 19. Bd3 Na6 20. Qa3 Nac7 21. Re7 Qc8 22. Bxc7 Nxc7 23. Qa5 Nd5 24. Rxa7 Rxa7 25. Qxa7 f4 26. Bxg6 hxg6 27. Ne2 Qe8 28. Kf2 Qe3+ 29. Ke1 f3 30. gxf3 Qe6 31. Qb8+ Kh7 32. Qe5 Qh3 33. Qg3 Qe6 34. Qe5 Qh3 35. Kf2 Qh4+ 36. Qg3 Qe7 37. Qh3+ Kg8 38. Qc8+ Kh7 39. Qxc6 Qh4+ 40. Ng3 Qxh2+ 41. Kf1 Ne3+ 42. Ke1 Nc2+ 43. Kd1 Ne3+ 44. Ke1 Nc2+ 45. Kd1 Ne3+ 46. Ke1 Nc2+ 1/2-1/2

[Event "FRA-ch Youth U18 2018"]
[Site "Agen"]
[Date "2018.04.17"]
[Round "4"]
[White "Milroy, Melena"]
[Black "Rollot, Florence"]
[Result "1-0"]
[ECO "B01"]
[WhiteElo "1718"]
[BlackElo "2042"]
[Annotator "NA"]
[PlyCount "105"]
[EventDate "2018.??.??"]
[EventType "swiss"]
[EventCountry "FRA"]
[SourceTitle "playchess.com"]
[Source "ChessBase"]
[SourceQuality "1"]
[TimeControl "5400+30"]

1. e4 d5 2. exd5 Qxd5 3. Nc3 Qa5 4. d4 Nf6 5. Nf3 Bf5 6. Ne5 c6 7. g4 Bg6 {[%emt 0:13:17] LiveBook: 8 Games [#]} (7... Be6 $1 $11) 8. h4 $1 Nbd7 {[%emt 0:09:39] [#]} 9. Nc4 $1 Qc7 10. h5 Be4 {[%emt 0:00:25] B01: Scandinavian Defence} 11. Nxe4 Nxe4 12. Qf3 Nd6 13. Bf4 Nb6 14. Ne3 e6 15. c4 Na4 $146 ({Predecessor:} 15... c5 16. d5 exd5 17. Nxd5 Nxd5 18. Qxd5 {1-0 (39) Zifroni,D (2489)-Haimovich,T (2425) Herzliya 2008}) 16. O-O-O c5 17. dxc5 Qxc5 18. Bxd6 Bxd6 19. Qxb7 Nb6 20. Qe4 Rb8 21. Nf5 Be5 22. b4 $11 Qc7 23. Nd4 Bf4+ 24. Kb2 Nxc4+ 25. Bxc4 Qxc4 26. Qc6+ Qxc6 27. Nxc6 Ra8 28. Rd4 Bg5 29. Kb3 Bf6 30. Rd3 O-O 31. f3 Rfc8 32. b5 a6 33. a4 Kf8 34. Rd7 Ke8 35. Rhd1 g6 36. hxg6 hxg6 37. Kb4 axb5 38. axb5 Ra2 39. Kc5 Bg5 40. Kb6 Rca8 41. Kb7 f5 42. gxf5 gxf5 43. b6 Be3 44. Na7 R8xa7+ 45. bxa7 Rxa7+ 46. Kc6 Ra6+ 47. Kb5 Rb6+ 48. Ka5 f4 49. Rh7 Rb2 50. Rdd7 Rb6 51. Ra7 Rb5+ 52. Kxb5 Bxa7 53. Rxa7 1-0

[Event "FRA-ch Youth U18 2018"]
[Site "Agen"]
[Date "2018.04.17"]
[Round "4"]
[White "Da Silva, Alexandre"]
[Black "O'Sullivan, Thomas"]
[Result "0-1"]
[ECO "A48"]
[WhiteElo "1513"]
[BlackElo "2291"]
[Annotator "NA"]
[PlyCount "78"]
[EventDate "2018.??.??"]
[EventType "swiss"]
[EventCountry "FRA"]
[SourceTitle "playchess.com"]
[Source "ChessBase"]
[SourceQuality "1"]
[TimeControl "5400+30"]

1. d4 Nf6 2. Bf4 g6 3. Nf3 Bg7 4. e3 d6 5. Bd3 {[%emt 0:02:26] LiveBook: 8 Games} Nbd7 {[%emt 0:07:10] A48: 1 d4 Nf6 2 Nf3 g6: Torre, London and Colle Systems} (5... c5 6. c3 Nh5 7. Bg5 h6 8. Bh4 cxd4 9. cxd4 g5 10. Bg3 Nc6 11. Nc3 a6 12. a3 Bd7 13. d5 Nxg3 14. dxc6 Nxh1 15. cxd7+ Qxd7 {0-1 (47) Brumen,D (2338)-Martinovic,S (2565) Slovenia 2017}) 6. O-O Nh5 7. Re1 c5 8. c3 O-O 9. Bg5 h6 $146 ({Predecessor:} 9... Nhf6 10. Nbd2 Qb6 11. Nc4 Qc7 12. e4 b5 13. Na3 c4 14. Bb1 {1-0 (32) Kokanovic,D (2175)-Ilic,S (2212) Banja Vrucica 2013}) 10. Bh4 Ndf6 11. Bxf6 Nxf6 12. Nbd2 b6 13. Ne4 Nd5 14. Qb3 Nc7 15. Ng3 e5 16. dxe5 dxe5 17. Rad1 Qe7 18. Be4 ({Avoid the trap} 18. Bxg6 $2 Be6 $19) 18... Rb8 19. c4 Be6 20. Bd5 Rfd8 21. Ne2 ({Better is} 21. Bxe6 $11 Nxe6 22. Nd2) 21... Bxd5 22. cxd5 e4 23. Nd2 Nxd5 24. Ng3 Nf6 25. Qc2 Qe6 26. Ngxe4 Nxe4 27. Nxe4 Qxa2 28. Nc3 Qc4 $19 29. Ra1 b5 30. Rxa7 b4 31. Ra4 Rd3 32. Qe2 Bxc3 33. bxc3 Rxc3 34. Qxc4 Rxc4 35. Rb1 Rc2 36. Kf1 b3 37. g3 b2 38. Kg2 Rc1 39. Rxb2 Rxb2 0-1

[Event "FRA-ch Youth U18 2018"]
[Site "Agen"]
[Date "2018.04.18"]
[Round "5"]
[White "Nguyen, Vincent"]
[Black "Heliot, Xabi"]
[Result "0-1"]
[ECO "E32"]
[WhiteElo "2234"]
[BlackElo "2160"]
[Annotator "NA"]
[PlyCount "80"]
[EventDate "2018.??.??"]
[EventType "swiss"]
[EventCountry "FRA"]
[SourceTitle "playchess.com"]
[Source "ChessBase"]
[SourceQuality "1"]
[TimeControl "5400+30"]

1. d4 Nf6 2. c4 e6 3. Nc3 Bb4 4. Qc2 O-O 5. e4 d5 6. e5 Ne4 7. a3 Bxc3+ 8. bxc3 c5 9. Bd3 cxd4 10. cxd4 Qa5+ {[%emt 0:00:17] LiveBook: 52 Games E32: Nimzo-Indian: Classical (4 Qc2): 4...0-0} 11. Kf1 Bd7 12. Ne2 f5 13. exf6 Nxf6 14. Bd2 Qd8 15. Bg5 h6 {[%emt 0:03:23] [#]} 16. Bf4 $146 ({Find the theoretical novelty and annotate with similar games:} 16. Bh4 Nc6 17. cxd5 exd5 18. f3 {1-0 (35) Morozevich,A (2770)-Pelletier,Y (2599) Biel 2012}) 16... dxc4 17. Bxc4 Nc6 18. Rb1 Na5 19. Ba2 $15 (19. Bc7 $1 $16 Ng4 20. Bxd8 Ne3+ 21. Kg1 Nxc2 22. Bxa5 Nxa3 23. Rc1 (23. Rxb7 Nxc4 24. Rxd7 Nxa5 $11) 23... Nxc4 24. Rxc4) 19... Rc8 20. Qd3 Kh8 21. Bd6 Re8 22. Be5 Bc6 23. Ng3 Bd5 24. Bxd5 Qxd5 25. Bxf6 gxf6 26. Qg6 Qg5 27. Qxg5 hxg5 28. Ne4 Red8 29. h4 g4 30. Nxf6 Rxd4 31. g3 Rc5 32. Rb4 Rxb4 33. axb4 Rc1+ 34. Kg2 Rxh1 35. Kxh1 Nc6 36. b5 Nd4 37. Nxg4 Nxb5 38. Ne3 Nd4 39. Kg2 a5 40. Kf1 a4 0-1

[Event "FRA-ch Youth U18 2018"]
[Site "Agen"]
[Date "2018.04.18"]
[Round "5"]
[White "Lafortune, Emerick"]
[Black "Trabet, Nicolas"]
[Result "1-0"]
[ECO "A59"]
[WhiteElo "2112"]
[BlackElo "2241"]
[Annotator "NA"]
[PlyCount "119"]
[EventDate "2018.??.??"]
[EventType "swiss"]
[EventCountry "FRA"]
[SourceTitle "playchess.com"]
[Source "ChessBase"]
[SourceQuality "1"]
[TimeControl "5400+30"]

1. d4 Nf6 2. c4 c5 3. d5 b5 4. cxb5 a6 5. bxa6 g6 6. Nc3 Bxa6 7. e4 Bxf1 8. Kxf1 d6 9. Nf3 Bg7 10. g3 O-O 11. Kg2 Nbd7 12. a4 {[%emt 0:00:07] A59: Benko/Volga Gambit: White castles by hand} Ra6 13. Qc2 Qa8 14. Ra3 e6 15. dxe6 fxe6 {[%emt 0:00:07] LiveBook: 15 Games [#]} 16. h3 $146 ({Find the theoretical novelty and annotate with similar games:} 16. Re1 Ng4 17. Nb5 Qb7 18. Bf4 d5 19. exd5 exd5 {1-0 (39) Leitao,R (2623)-Leon Hoyos,M (2579) Istanbul 2012}) 16... d5 17. exd5 exd5 18. Re1 Ne8 19. Qd3 (19. Nb5 $16) 19... Bxc3 ({Black should try} 19... d4 $14 20. Ne4 Nef6) 20. Qxc3 ({Much less strong is} 20. Rxc3 $6 Raf6 $14) 20... Rxa4 21. Rxa4 Qxa4 22. Bh6 d4 23. Qd3 Ng7 24. Re7 Rf7 25. Rxf7 Kxf7 26. Ng5+ Kg8 27. Qe4 Nf6 28. Qe7 Qa8+ 29. Kg1 Qf8 30. Qb7 Nfe8 31. Qd5+ $18 Kh8 32. Kf1 Qe7 33. Bxg7+ Kxg7 34. Ne6+ Kh6 35. Nxc5 Qf6 36. Ne4 Qf5 37. Qxf5 gxf5 38. Nd2 d3 39. Nf3 Nd6 40. Ne5 d2 41. Ke2 Ne4 42. Nc4 d1=Q+ 43. Kxd1 Nxf2+ 44. Ke2 Nxh3 45. b4 Ng5 46. Nd6 Kg6 47. b5 Ne6 48. b6 Nc5 49. Ke3 Kg5 50. Kd4 Nd7 51. b7 f4 52. Ne4+ Kf5 53. gxf4 Kxf4 54. Nf6 Nb8 55. Nxh7 Kf5 56. Kd5 Nd7 57. Nf8 Nb8 58. Kd6 Na6 59. Nd7 Kg6 60. Nc5 1-0

[Event "FRA-ch Youth U18 2018"]
[Site "Agen"]
[Date "2018.04.18"]
[Round "5"]
[White "Chachiachvili, Mariam"]
[Black "Salvador, Lucie"]
[Result "0-1"]
[ECO "C01"]
[WhiteElo "1752"]
[BlackElo "1955"]
[Annotator "NA"]
[PlyCount "60"]
[EventDate "2018.??.??"]
[EventType "swiss"]
[EventCountry "FRA"]
[SourceTitle "playchess.com"]
[Source "ChessBase"]
[SourceQuality "1"]
[TimeControl "5400+30"]

1. e4 e6 2. d4 d5 3. exd5 exd5 4. Nf3 c5 {[%emt 0:00:26] LiveBook: 56 Games} 5. Bb5+ Bd7 6. Qe2+ Be7 7. O-O a6 ({Black should try} 7... Nf6 $14) 8. Bxd7+ Nxd7 9. Nc3 Ngf6 $16 10. Re1 b5 11. Bf4 Nf8 12. Rad1 Ne6 13. Be5 c4 14. Bxf6 Bxf6 15. Ne5 Qd6 16. Qg4 O-O 17. f4 Rad8 18. Ne2 Qb6 19. Kh1 g6 20. c3 h5 21. Qf3 Bxe5 22. dxe5 Nc5 23. Nd4 Nd3 24. Re2 b4 25. e6 Rfe8 26. exf7+ Kxf7 27. Rxe8 Kxe8 28. Rd2 bxc3 29. bxc3 Qb1+ 30. Rd1 Qxd1+ 0-1

[Event "FRA-ch Youth U18 2018"]
[Site "Agen"]
[Date "2018.04.18"]
[Round "5"]
[White "El Barbry, Sarah"]
[Black "Milroy, Melena"]
[Result "1/2-1/2"]
[ECO "B01"]
[WhiteElo "1750"]
[BlackElo "1718"]
[Annotator "NA"]
[PlyCount "93"]
[EventDate "2018.??.??"]
[EventType "swiss"]
[EventCountry "FRA"]
[SourceTitle "playchess.com"]
[Source "ChessBase"]
[SourceQuality "1"]
[TimeControl "5400+30"]

1. e4 d5 2. exd5 Qxd5 3. Nf3 Nc6 4. Be2 Bg4 5. O-O O-O-O 6. h3 Bh5 7. Nc3 Qd7 8. b4 f6 9. Rb1 g5 10. b5 Na5 11. Nh2 Bxe2 12. Qxe2 h5 13. d3 g4 14. hxg4 hxg4 15. Qxg4 f5 16. Qg3 e6 17. Bf4 Nf6 18. Qe3 b6 19. Rfe1 Re8 20. Be5 Bd6 21. Bxd6 cxd6 22. f3 Qh7 23. Nf1 Qh1+ 24. Kf2 Rhg8 25. Ng3 Qh4 26. Nce2 Nd5 27. Qd4 f4 28. Kg1 Rxg3 29. Nxg3 Qxg3 30. Qf2 Qg5 31. Kf1 Rh8 32. Qg1 e5 33. c4 Ne3+ 34. Rxe3 fxe3 35. Ke2 Rg8 36. g4 Nb7 37. Qxe3 Nc5 38. Qxg5 Rxg5 39. Ke3 Kd7 40. Rh1 Rg7 41. d4 exd4+ 42. Kxd4 Rf7 43. Ke3 Ne6 44. Rh5 Nf4 45. Rh6 Ne6 46. Rh5 Ke7 47. Ke4 1/2-1/2

[Event "FRA-ch Youth U18 2018"]
[Site "Agen"]
[Date "2018.04.18"]
[Round "5"]
[White "Joly, Audrey"]
[Black "Lomandong, Noela-Joyce"]
[Result "0-1"]
[ECO "B00"]
[WhiteElo "1686"]
[BlackElo "2053"]
[Annotator "NA"]
[PlyCount "92"]
[EventDate "2018.??.??"]
[EventType "swiss"]
[EventCountry "FRA"]
[SourceTitle "playchess.com"]
[Source "ChessBase"]
[SourceQuality "1"]
[TimeControl "5400+30"]

1. e4 b6 2. d4 Bb7 3. Nc3 e6 4. Bd3 Nf6 5. Nge2 d5 {[%emt 0:04:56] LiveBook: 21 Games} 6. Bg5 (6. e5 $14 Nfd7 7. Nf4) 6... Be7 7. exd5 Nxd5 8. Bxe7 Qxe7 9. Nxd5 exd5 10. O-O O-O 11. Re1 $14 Qg5 12. Ng3 Nd7 13. Qh5 Qxh5 14. Nxh5 Rae8 15. Kf1 g6 16. Nf4 Nf6 17. c3 Ne4 18. Re2 Nd6 19. Rae1 Rxe2 20. Rxe2 Re8 21. Rxe8+ Nxe8 22. Ke2 c5 23. Ke3 Kg7 24. f3 Nd6 25. Nh3 Kf6 26. Nf2 h5 27. Nh3 Bc6 28. Kf4 Bd7 29. Nf2 Bf5 30. Ke3 Be6 31. Bf1 Nf5+ 32. Kd3 Bd7 33. Kd2 cxd4 34. Nd1 dxc3+ 35. Nxc3 Ke5 36. Nb5 a6 37. Nc3 b5 38. a3 Bc6 39. b4 Nd6 40. Bd3 Nc4+ 41. Bxc4 bxc4 42. Ne2 d4 43. Nc1 Kd5 44. Ne2 c3+ 45. Kc2 Kc4 46. Nc1 d3+ 0-1

[Event "FRA-ch Youth U18 2018"]
[Site "Agen"]
[Date "2018.04.18"]
[Round "5"]
[White "Breysse, Astrid"]
[Black "Bauer, Elise"]
[Result "0-1"]
[ECO "C02"]
[WhiteElo "1409"]
[BlackElo "1489"]
[Annotator "NA"]
[PlyCount "84"]
[EventDate "2018.??.??"]
[EventType "swiss"]
[EventCountry "FRA"]
[SourceTitle "playchess.com"]
[Source "ChessBase"]
[SourceQuality "1"]
[TimeControl "5400+30"]

1. e4 e6 2. d4 d5 3. e5 c5 4. c3 Nc6 5. Nf3 Nge7 6. Be2 Ng6 7. O-O Be7 8. Re1 O-O 9. Nbd2 cxd4 10. cxd4 Bb4 11. a3 Ba5 12. b4 Bb6 13. Bb2 Bd7 14. Rc1 Rc8 15. Nb3 a6 16. Qd2 a5 17. b5 Na7 18. a4 Bc7 19. Nc5 b6 20. Nd3 f5 21. Ng5 h6 22. Nh3 Be8 23. Ba3 Ne7 24. Nhf4 Qd7 25. Bh5 Bd8 26. Re3 g5 27. Rg3 Kh7 28. Bxe8 Rxe8 29. Nh5 Ng6 30. Rxc8 Qxc8 31. Bc1 Be7 32. h3 Qc7 33. f4 Rc8 34. fxg5 hxg5 35. Nf6+ Bxf6 36. h4 Nxh4 37. Rh3 Bd8 38. g3 g4 39. Rxh4+ Bxh4 40. gxh4 Qg7 41. Nf4 Qh6 42. Nxd5 Rxc1+ 0-1

[Event "FRA-ch Youth U18 2018"]
[Site "Agen"]
[Date "2018.04.19"]
[Round "6"]
[White "Heliot, Xabi"]
[Black "Lafortune, Emerick"]
[Result "1/2-1/2"]
[ECO "A04"]
[WhiteElo "2160"]
[BlackElo "2112"]
[Annotator "NA"]
[PlyCount "91"]
[EventDate "2018.??.??"]
[EventType "swiss"]
[EventCountry "FRA"]
[SourceTitle "playchess.com"]
[Source "ChessBase"]
[SourceQuality "1"]
[TimeControl "5400+30"]

1. Nf3 c5 2. c4 Nc6 3. Nc3 e5 4. g3 g6 5. Bg2 Bg7 6. O-O Nge7 7. Rb1 O-O 8. a3 a5 9. Ne1 d6 10. Nc2 Be6 {[%emt 0:00:44] LiveBook: 128 Games} 11. Ne3 {[%emt 0:02:04] A37: Symmetrical English vs ...g6: 4 Bg2 Bg7 5 Nf3} f5 12. d3 Bf7 13. Ned5 Nxd5 14. Nxd5 {[%emt 0:01:16] [#]} a4 $146 ({Find the theoretical novelty and annotate with similar games:} 14... Rb8 15. Bd2 Kh8 16. b4 axb4 17. axb4 cxb4 18. Nxb4 Nxb4 19. Rxb4 {½-½ (31) Kryakvin,D (2539)-Shaposhnikov,E (2550) Voronezh 2007}) 15. e3 Ne7 16. Nc3 Qd7 17. b3 axb3 18. Qxb3 Rab8 19. Bd2 b6 20. Qa4 Rfd8 21. Qxd7 Rxd7 22. e4 h6 23. f3 Nc6 24. Nb5 Be6 25. Rb2 Nd4 26. Nxd4 exd4 27. Rfb1 fxe4 28. fxe4 Ra8 29. Rb3 b5 30. Rxb5 Rxa3 31. R5b3 Rxb3 32. Rxb3 g5 33. Rb8+ Kf7 34. Bf3 Kg6 35. Rb6 Be5 36. Be2 ({White should play} 36. Rb5 $15) 36... Ra7 37. Rb2 Bh3 38. Kf2 Ra1 39. Be1 h5 40. Bf1 Be6 41. Ke2 Bg4+ 42. Kf2 h4 $17 43. Be2 Be6 44. Bd2 h3 45. Bf1 Bg4 46. Be1 1/2-1/2

[Event "FRA-ch Youth U18 2018"]
[Site "Agen"]
[Date "2018.04.19"]
[Round "6"]
[White "Lomandong, Noela-Joyce"]
[Black "Rollot, Florence"]
[Result "1-0"]
[ECO "A15"]
[WhiteElo "2053"]
[BlackElo "2042"]
[Annotator "NA"]
[PlyCount "87"]
[EventDate "2018.??.??"]
[EventType "swiss"]
[EventCountry "FRA"]
[SourceTitle "playchess.com"]
[Source "ChessBase"]
[SourceQuality "1"]
[TimeControl "5400+30"]

1. c4 Nf6 2. g3 c5 3. Bg2 g6 4. Nc3 Nc6 5. e3 Bg7 6. Nge2 O-O 7. d4 cxd4 8. Nxd4 Ne5 9. b3 d6 10. h3 a6 11. Bb2 Rb8 12. O-O Bd7 13. Qe2 Qc8 14. Kh2 Nc6 15. Rac1 Nxd4 16. exd4 e6 17. Rfd1 Qc7 18. Na4 Bxa4 19. bxa4 Qa5 20. Qc2 Bh6 21. Bc3 Qc7 22. Bd2 Bg7 23. Qb3 Nh5 24. Bb4 Rfe8 25. d5 b6 26. Qa3 Rbd8 27. a5 Rd7 28. axb6 Qxb6 29. c5 dxc5 30. Bxc5 Qb5 31. Bf1 Qb8 32. Rb1 Qe5 33. d6 Rc8 34. Rbc1 Qb2 35. Bxa6 Ra8 36. Qxb2 Bxb2 37. Bb5 Rdd8 38. Rb1 Rxa2 39. Bc4 Ra4 40. Bb3 Ra5 41. Bb6 Rb5 42. Bxd8 Rxb3 43. Be7 Rb8 44. d7 1-0

[Event "FRA-ch Youth U18 2018"]
[Site "Agen"]
[Date "2018.04.19"]
[Round "6"]
[White "Salvador, Lucie"]
[Black "Milroy, Melena"]
[Result "1-0"]
[ECO "A96"]
[WhiteElo "1955"]
[BlackElo "1718"]
[Annotator "NA"]
[PlyCount "83"]
[EventDate "2018.??.??"]
[EventType "swiss"]
[EventCountry "FRA"]
[SourceTitle "playchess.com"]
[Source "ChessBase"]
[SourceQuality "1"]
[TimeControl "5400+30"]

1. d4 f5 2. g3 Nf6 3. Bg2 e6 4. Nf3 Be7 5. O-O O-O 6. c4 d6 7. e3 Nbd7 8. Nc3 Ne4 9. Qc2 Nxc3 10. bxc3 Nf6 11. Rb1 Qe8 $11 12. Ba3 Qh5 13. d5 e5 14. Nxe5 f4 15. exf4 dxe5 16. Bxe7 Bf5 17. Qd1 Bxb1 18. Qxb1 exf4 19. Bxf8 Rxf8 20. f3 fxg3 21. hxg3 Qe5 22. Qe1 Qg5 23. Bh3 Re8 24. Be6+ Kh8 25. f4 Qg6 26. Rf3 Qc2 27. Qf2 Qc1+ 28. Kg2 Qa3 29. Qc2 Qd6 30. g4 c6 31. Qf5 Rf8 32. Qe5 Qa3 33. Rf2 cxd5 34. cxd5 Re8 35. Qd4 Qa5 36. g5 Ng8 37. f5 Qd8 38. f6 Qc7 39. f7 Rf8 40. fxg8=Q+ Rxg8 41. Bxg8 Kxg8 42. Qf4 1-0

[Event "FRA-ch Youth U18 2018"]
[Site "Agen"]
[Date "2018.04.19"]
[Round "6"]
[White "Bauer, Elise"]
[Black "El Barbry, Sarah"]
[Result "1-0"]
[ECO "A45"]
[WhiteElo "1489"]
[BlackElo "1750"]
[Annotator "NA"]
[PlyCount "93"]
[EventDate "2018.??.??"]
[EventType "swiss"]
[EventCountry "FRA"]
[SourceTitle "playchess.com"]
[Source "ChessBase"]
[SourceQuality "1"]
[TimeControl "5400+30"]

1. d4 Nf6 2. Bf4 e6 3. Nf3 d5 4. e3 c5 5. c3 Nc6 6. Nbd2 Bd6 7. Bg3 O-O 8. Bd3 b6 9. O-O Bxg3 10. hxg3 Qc7 11. Qc2 c4 12. Be2 Bb7 13. e4 dxe4 14. Nxe4 Nxe4 15. Qxe4 Ne7 16. Qc2 Qc6 17. Rfe1 b5 18. Bf1 a5 19. a4 Rfc8 20. Ne5 Qd5 21. axb5 f6 22. Nf3 Nf5 23. Qe2 Kf7 24. Nd2 Nd6 25. Ra4 Rcb8 26. Nxc4 Bc8 27. Rxa5 Rxa5 28. Nxa5 Nxb5 29. Nc4 Ba6 30. Ne3 Qb3 31. Nd1 Rb6 32. Qh5+ Kf8 33. Qxh7 Bb7 34. Qh8+ Kf7 35. Qh5+ Kf8 36. Qc5+ Nd6 37. Bc4 Qxc4 38. Qxb6 Ke7 39. Qc5 Qxc5 40. dxc5 Ne4 41. b4 Bd5 42. Re3 Nd2 43. Nb2 Kd7 44. Rd3 Nb3 45. c4 Nc1 46. cxd5 Nxd3 47. dxe6+ 1-0

[Event "FRA-ch Youth U18 2018"]
[Site "Agen"]
[Date "2018.04.19"]
[Round "6"]
[White "Breysse, Astrid"]
[Black "Belluire, Beatrice"]
[Result "0-1"]
[ECO "C02"]
[WhiteElo "1409"]
[BlackElo "1818"]
[Annotator "NA"]
[PlyCount "106"]
[EventDate "2018.??.??"]
[EventType "swiss"]
[EventCountry "FRA"]
[SourceTitle "playchess.com"]
[Source "ChessBase"]
[SourceQuality "1"]
[TimeControl "5400+30"]

1. e4 e6 2. d4 d5 3. e5 c5 4. c3 Nc6 5. Nf3 Nge7 6. Be2 Nf5 7. a3 cxd4 8. cxd4 Qb6 9. b4 Nfxd4 10. Be3 Nxf3+ 11. Bxf3 Qc7 12. Bf4 Nxe5 13. O-O Nxf3+ 14. Qxf3 Bd6 15. Rc1 Qe7 16. Be3 Qf6 17. Qxf6 gxf6 18. Nc3 Bd7 19. Re1 O-O 20. Rad1 Rfd8 21. Bh6 Bf8 22. Bf4 Rac8 23. Ne2 Rc2 24. Rd3 Rdc8 25. Bd2 Bb5 26. Rg3+ Kh8 27. Bc3 Bg7 28. Nd4 R2xc3 29. Nxb5 Rxg3 30. hxg3 a6 31. Nd6 Rc7 32. Kf1 Kg8 33. Ne8 Rc2 34. Nxg7 Kxg7 35. Re2 Rc1+ 36. Re1 Rxe1+ 37. Kxe1 Kg6 38. Ke2 Kf5 39. Kd3 e5 40. Ke3 Ke6 41. g4 f5 42. gxf5+ Kxf5 43. Kd3 Kf4 44. Kd2 h5 45. Ke2 h4 46. Kd1 Ke4 47. Ke2 Kd4 48. Kd2 Kc4 49. Kc2 e4 50. Kd2 d4 51. Kc2 d3+ 52. Kd2 Kb3 53. f4 exf3 0-1